 Dungeon Crawl Stone Soup version 0.24.0-13-gcf9b3192b9 (webtiles) character file.

Game seed: 15814987143902137865, levelgen mode: deterministic

2116 Amplified the Fighter (level 9, -8/74 HPs)
             Began as a Mummy Arcane Marksman on Nov 8, 2019.
             Was an Initiate of Gozag.
             Mangled by an orc warrior
             ... wielding a +0 long sword
              (16 damage)
             ... on level 6 of the Dungeon.
             The game lasted 00:20:00 (7484 turns).

Amplified the Fighter (Mummy Arcane Marksman)       Turns: 7484, Time: 00:20:01

Health: -8/74      AC:  6    Str: 17    XL:     9   Next: 8%
Magic:  11/11      EV: 17    Int: 12    God:    Gozag
Gold:   149        SH:  0    Dex: 17    Spells: 7/10 levels left

rFire    x . .     SeeInvis .   d - +1 short sword of Ahiekel {pierce, +Rage}
rCold    + . .     Gourm    .   (no shield)
rNeg     + + +     Faith    .   e - +0 robe
rPois    ∞         Spirit   .   j - +0 helmet
rElec    .         Reflect  .   o - scarf {repulsion}
rCorr    .         Harm     .   r - +0 pair of gloves
MR       +....                  f - +1 pair of boots
Stlth    +++.......             g - amulet of the acrobat
HPRegen  0.22/turn              (no ring)
MPRegen  0.12/turn              k - ring of wizardry

@: agile, very slightly contaminated, invisible, repel missiles
A: no food or potions, fire vulnerability, cold resistance 1, negative energy
resistance 3, torment resistance, unbreathing
a: Potion Petition, Call Merchant, Bribe Branch, Renounce Religion


You were on level 6 of the Dungeon.
You worshipped Gozag.
Gozag was aware of your devotion.
You were not hungry.

You visited 2 branches of the dungeon, and saw 9 of its levels.

You collected 557 gold pieces.
You paid 408 gold pieces to Gozag.

Inventory:

Hand Weapons
 a - a +0 hand crossbow
 d - the +1 short sword of Ahiekel (weapon) {pierce, +Rage}
   (You took it off an orc on level 4 of the Dungeon)

   It inflicts extra damage upon your enemies.
   It lets you go berserk.
 h - a +1 spear of freezing
 n - a +0 morningstar
Missiles
 i - 179 arrows
 m - 6 bolts
Armour
 b - a +1 cloak
 e - a +0 robe (worn)
 f - a +1 pair of boots (worn)
 j - a +0 helmet (worn)
 o - a scarf of repulsion (worn)
 r - a +0 pair of gloves (worn)
Magical Staves
 t - an uncursed staff of conjuration {unknown}
Jewellery
 g - an amulet of the acrobat (around neck)
 k - a ring of wizardry (right hand)
Scrolls
 c - 3 scrolls of remove curse
 p - a scroll of fog


   Skills:
 * Level 8.1 Fighting
 - Level 2.6 Polearms
 * Level 6.9 Crossbows
 - Level 1.5 Dodging
 - Level 1.3 Spellcasting
 - Level 2.6 Hexes


You had 7 spell levels left.
You knew the following spells:

 Your Spells              Type           Power        Failure   Level  Hunger
b - Portal Projectile     Hex/Tloc       #.....       21%         3    N/A

Your spell library contained the following spells:

 Spells                   Type           Power        Failure   Level  Hunger
 Corona                   Hex            #......      4%          1    N/A
 Slow                     Hex            #.......     6%          2    N/A
 Sticks to Snakes         Tmut           #.......     17%         2    N/A
 Inner Flame              Hex/Fire       #.......     21%         3    N/A
 Cause Fear               Hex            #.........   34%         4    N/A
 Leda's Liquefaction      Hex/Erth       #.........   52%         4    N/A
 Beastly Appendage        Tmut           Unusable     N/A         1    N/A
 Spider Form              Tmut/Pois      Unusable     N/A         3    N/A
 Ice Form                 Ice/Tmut       Unusable     N/A         4    N/A
 Blade Hands              Tmut           Unusable     N/A         5    N/A

Dungeon Overview and Level Annotations

Branches:
Dungeon (8/15)             Temple (1/1) D:5
   Lair: D:8-11

Altars:
Cheibriados
Dithmenos
Elyvilon
Fedhas
Gozag
Makhleb
Nemelex Xobeh
Okawaru
Qazlal
Ru
Sif Muna
Trog
Uskayaw
Wu Jian
Xom
Yredelemnul
Zin
The Shining One

Shops:
D:4 :%(   D:5 [*

Annotations:
D:2 1 runed translucent door, Crazy Yiuf
D:6 2 transporters
D:7 1 runed translucent door, PentaManta's ghost, novice MiGl


Innate Abilities, Weirdness & Mutations

You do not eat or drink.
Your flesh is vulnerable to fire.
You are immune to poison.
Your flesh is cold resistant. (rC+)
You are immune to negative energy. (rN+++)
You are immune to unholy pain and torment.
You can survive without breathing.


Message History

Unknown command.
Firing (i - inventory)
m - 8 bolts (quivered)
Press: ? - help, Shift-Dir - straight line, f/p - orc warrior
Aim: an orc warrior, wielding a +0 long sword and wearing a +0 chain mail (almost dead)
You shoot a bolt. The bolt barely misses the orc warrior.
The orc warrior barely misses you.
Unknown command.
Firing (i - inventory)
m - 7 bolts (quivered)
Press: ? - help, Shift-Dir - straight line, f/p - orc warrior
Aim: an orc warrior, wielding a +0 long sword and wearing a +0 chain mail (almost dead)
You shoot a bolt.
The bolt closely misses the orc warrior.
The orc warrior completely misses you.
d - the +1 short sword of Ahiekel (weapon)
{pierce, +Rage} You catch the helpless orc warrior completely off-guard!
You hit the orc warrior.
The orc warrior is almost dead.
The orc warrior hits you with a +0 long sword!
You die...
Your body crumbles into a pile of gold.

##################
).)).....(.....o@#
.############.####
.# #.# .# #.# .#
###.# .# #...# .#
#.### .# #.# .#
#.#


You could see an orc warrior.

Vanquished Creatures
  An orc warrior (D:6)
  A hippogriff (D:7)
  Menkaure (D:6)
  A sky beast (D:6)
  An ogre (D:7)
  3 centaurs
  A bullfrog (D:7)
  A water moccasin skeleton (D:6)
  A scorpion (D:7)
  A howler monkey (D:4)
  2 crimson imps (D:7)
  2 hounds
  An orc priest (D:3)
  3 bullfrog skeletons
  2 jellies (D:7)
  5 orc wizards
  An iguana (D:4)
  7 worker ants
  A hound skeleton (D:7)
  5 gnolls
  9 adders
  2 shadow imps
  2 oozes
  A worm (D:4)
  3 leopard geckos
  13 orcs
  2 giant cockroaches
  5 hobgoblins
  4 jackals (D:1)
  8 kobolds
  A quokka (D:5)
  2 ball pythons
  A ball python skeleton (D:5)
  3 bats
  7 frilled lizards
  12 goblins
  16 rats
132 creatures vanquished.

Vanquished Creatures (collateral kills)
  Dowan (D:6)
  A crimson imp (D:6)
2 creatures vanquished.

Vanquished Creatures (others)
  Duvessa (D:6)
1 creature vanquished.

Grand Total: 135 creatures vanquished

Notes
Turn   | Place    | Note
-------+----------+-------------------------------------------
     0 | D:1      | Amplified the Mummy Arcane Marksman began the quest for the
                  | Orb.
     0 | D:1      | Reached XP level 1. HP: 15/15 MP: 2/2
   117 | D:1      | Reached XP level 2. HP: 22/22 MP: 4/4
   211 | D:1      | Reached skill level 2 in Fighting
   292 | D:1      | Reached XP level 3. HP: 23/27 MP: 5/5
  1117 | D:2      | Reached skill level 3 in Fighting
  1117 | D:2      | Reached XP level 4. HP: 35/35 MP: 6/6
  1481 | D:2      | Found a runed translucent door.
  1482 | D:2      | Noticed Crazy Yiuf
  1729 | D:3      | Reached XP level 5. HP: 36/41 MP: 7/7
  1901 | D:3      | Reached skill level 1 in Polearms
  2260 | D:3      | Learned a level 3 spell: Portal Projectile
  2646 | D:4      | Found Hiengiy's Weapon Emporium.
  2804 | D:3      | Reached XP level 6. HP: 48/48 MP: 8/8
  2816 | D:3      | Reached skill level 4 in Fighting
  2934 | D:4      | Identified the +1 short sword of Ahiekel {pierce, +Rage}
  3042 | D:4      | Found Toyfueso's Food Boutique.
  3272 | D:4      | Found Veyzunal's Book Boutique.
  3277 | D:4      | Found a glowing golden altar of the Shining One.
  3799 | D:4      | Reached XP level 7. HP: 38/55 MP: 9/9
  4077 | D:5      | Entered Level 5 of the Dungeon
  4100 | D:5      | Found Intotig's Assorted Antiques.
  4155 | D:5      | Found Muragh's Antique Armour Shop.
  4414 | D:5      | Found a staircase to the Ecumenical Temple.
  4425 | Temple   | Entered the Ecumenical Temple
  4541 | Temple   | Became a worshipper of Gozag Ym Sagoz the Greedy
  4675 | D:5      | Reached skill level 5 in Fighting
  5020 | D:5      | Found a blossoming altar of Fedhas.
  5065 | D:6      | Found an ornate altar of the Wu Jian Council.
  5066 | D:6      | Noticed a manticore
  5348 | D:6      | Found a transporter.
  5369 | D:6      | Found a transporter.
  5544 | D:6      | Found a bloodstained altar of Trog.
  5612 | D:6      | Reached skill level 5 in Crossbows
  5756 | D:6      | Noticed Duvessa
  5757 | D:6      | Noticed Dowan
  5781 | D:6      | Killed Dowan
  5787 | D:6      | Reached skill level 6 in Fighting
  5806 | D:6      | Noticed Menkaure
  5840 | D:6      | Your ally died
  5840 | D:6      | Reached XP level 8. HP: 39/64 MP: 10/10
  5849 | D:6      | Killed an orc warrior
  5961 | D:6      | Killed Menkaure
  6311 | D:6      | Reached skill level 7 in Fighting
  6425 | D:7      | Noticed a hippogriff
  6608 | D:7      | Found a hide-covered altar of Uskayaw.
  7000 | D:8      | Noticed a hornet
  7078 | D:7      | Found a runed translucent door.
  7089 | D:7      | Noticed PentaManta's ghost (novice MiGl)
  7139 | D:7      | Killed a hippogriff
  7139 | D:7      | Reached skill level 8 in Fighting
  7139 | D:7      | Reached XP level 9. HP: 60/74 MP: 11/11
  7484 | D:6      | Mangled by an orc warrior

Levels and vault maps discovered:
D:1:      evilmike_arrival_hilbert_curve, layout_basic, minmay_rat_gold_closets
D:2:      layout_basic, bh_walls_and_bars, uniq_crazy_yiuf_cottage
D:3:      layout_loops_corners, serial_park_tiny_pond
D:4:      kb_forest_paths, layout_basic, overflow_temple_1_default,
          serial_shops, shop, shop, nicolae_shop_waterfront
D:5:      layout_rooms, minmay_temple_entry_large_hall, first_ration,
          serial_shops, shop, nicolae_shop_overgrown_old_shop, fedhas_altar_4
D:6:      layout_basic, lemuel_round_altar, gammafunk_temple_overflow_arena,
          nicolae_ossuary_entry_plus, uniq_duvessa, uniq_menkaure
D:7:      layout_cave_pools, eat_drink_and_be_merry_uskayaw, serial_shops,
          nicolae_shop_temple_entry_statues_fountains, gammafunk_ghost_grave,
          hangedman_abyss_or_decor_stagger, kennysheep_another_room,
          grunt_livestock, grunt_ministairs_13
D:8:      lemuel_castle_with_subvaults [lemuel_castle_interior_carwin_3],
          layout_loops_ring, ashenzari_altar_1,
          gammafunk_temple_overflow_elements, uniq_prince_ribbit1
Temple:   eino_temple_water

Skill      XL: |  1  2  3  4  5  6  7  8 |
---------------+-------------------------+-----
Crossbows      | 2 3 4 5 6 |  6.9
Fighting       | 2 3 4 6 8 |  8.1
Polearms       | 1 2 |  2.6
Dodging        | |  1.5
Spellcasting   | |  1.3
Hexes          | |  2.6

Action                   |  1- 3 |  4- 6 |  7- 9 || total
-------------------------+-------+-------+-------++-------
Melee: Spear             |       |   142 |   252 ||   394
       Short sword       |       |       |     4 ||     4
 Fire: Hand crossbow     |    83 |    70 |    30 ||   183
 Cast: Corona            |       |     1 |       ||     1
       Portal Projectile |       |     1 |       ||     1
Invok: Potion Petition   |       |       |     2 ||     2
Evoke: Wand              |       |       |    29 ||    29
  Use: Scroll            |     2 |     7 |     7 ||    16
 Stab: Distracted        |       |       |     1 ||     1
       Invisible         |       |       |     1 ||     1
Armor: Robe              |     2 |    34 |    78 ||   114
Dodge: Dodged            |    17 |    75 |   189 ||   281
       Deflected         |       |       |     5 ||     5
